AoeStats
← LSKingdom9970

Arena

510401314Analyzed
1v1 RM · 2d ago on Sep 30, 2026· 43m 47s· 2 players
Game mode
Random Map
Map size
Tiny (2 player)
Population
200
Speed
Normal
Resources
Standard
Victory
Conquest
Starting age
Dark Age
Ending age
Imperial Age
RankedLock teamsTeams togetherTeam positionsShared explorationLock speedFull tech treeHidden civsTurbo modeCheats
Victory
Defeat
🇪🇸 Vietnamese · Spain
1962
+8
🇧🇷 Saxons · Brazil
1784
-8
Joselu9710
10:39 Feudal Age
11:24 Double-Bit Axe
14:29 Castle Age
12:44 Horse Collar
15:47 Bow Saw
17:46 Wheelbarrow
21:01 Hand Cart
21:09 Gold Mining
21:19 Stone Mining
21:42 Heavy Plow
23:28 Fletching
23:26 Loom
27:41 Imperial Age
26:42 Masonry
26:30 Bodkin Arrow
28:54 Bracer
29:46 Siege Engineers
30:02 Ballistics
30:42 Chemistry
30:07 Ballistics
29:53 Siege Engineers
29:58 Masonry
30:38 Padded Archer Armor
31:47 Two-Man Saw
31:17 Crop Rotation
31:24 Stone Shaft Mining
31:37 Town Watch
32:41 Leather Archer Armor
32:40 Thumb Ring
32:06 Light Cavalry
32:57 Bloodlines
32:47 Husbandry
32:57 Scale Barding Armor
33:03 Forging
34:37 Chain Barding Armor
34:10 Elite Rattan Archer
35:52 Ring Archer Armor
35:41 Masonry
36:37 Plate Barding Armor
37:41 Iron Casting
39:30 Elite Battle Elephant
LSKingdom9970
10:35 Feudal Age
11:53 Double-Bit Axe
11:54 Horse Collar
14:25 Castle Age
15:31 Bow Saw
21:12 Wheelbarrow
21:21 Town Watch
27:54 Imperial Age
26:19 Gambesons
26:34 Squires
27:13 Hand Cart
27:19 Scale Mail Armor
27:29 Forging
27:27 Loom
28:09 Ballistics
29:04 Chain Mail Armor
28:49 Elite Skirmisher
29:22 Fletching
30:44 Bodkin Arrow
30:51 Padded Archer Armor
30:35 Elite Varangian Guard
31:29 Masonry
30:52 Capped Ram
32:08 Plate Mail Armor
33:25 Iron Casting
33:03 Gold Mining
33:27 Bracer
34:33 Leather Archer Armor
34:48 Fortified Wall
36:33 Chemistry
36:47 Thumb Ring
37:13 Ring Archer Armor
Connection lost

Rejoining the realm…

Still unreachable

The connection could not be restored.

Session expired

The server has moved on; the page needs a fresh start.